Map: Newkirk Precinct TE (Void)

Players

Railgan - Winner!

  • Race: Zerg Zerg
  • League: Grandmaster
  • Spawn Location: 7:00

Rob

  • Race: Protoss Protoss
  • League: Grandmaster
  • Spawn Location: 5:00

VOD

Have the link to the VOD?

Description

Time

  • Played on: March 3, 2017, 5:02 p.m.
  • Length: 13:10
Show
View Real Time Build Order
Export as new Build Order

Railgan Zerg - Winner!

Build Orders: Hatch First, Swarm Host 

Get SALT Encoding   

  12  0:01  Drone  
  13  0:13  Overlord  
  13  0:18  Drone  
  14  0:31  Drone x2  
  14  0:35  Drone  
  17  0:45  Drone  
  18  0:57  Hatchery  
  18  1:01  Extractor  
  18  1:02  Drone  
  17  1:16  Spawning Pool  
  16  1:21  Drone  
  16  1:22  Drone  
  18  1:28  Drone  
  19  1:42  Overlord  
  19  1:51  Drone  
  20  2:06  Queen  
  20  2:07  Zergling x2  
  23  2:09  Queen  
  23  2:12  Zergling x2  
  23  2:14  Drone  
  27  2:16  Metabolic Boost  
  27  2:20  Drone  
  28  2:28  Drone  
  28  2:31  Drone  
  28  2:33  Drone  
  30  2:44  Overlord  
  30  2:47  Queen  
  30  2:50  Evolution Chamber  
  30  2:59  Zergling x2  
  30  3:00  Drone x2  
  33  3:06  Drone x2  
  35  3:15  Overlord  
  35  3:18  Zergling x4  
  37  3:21  Drone x3  
  37  3:26  Zerg Melee Weapons Level 1  
  40  3:34  Lair  
  40  3:39  Drone x3  
  43  3:46  Drone x3  
  46  3:54  Extractor  
  45  3:56  Drone x2  
  45  3:58  Extractor  
  45  4:00  Overlord  
  46  4:10  Drone x3  
  48  4:18  Roach Warren  
  48  4:21  Drone  
  48  4:22  Drone x3  
  48  4:23  Drone x2  
  52  4:32  Zergling x2  
  52  4:33  Zergling x6  
  56  4:39  Zergling x2, Queen  
  56  4:41  Overlord  
  59  4:46  Queen  
  59  4:49  Overlord  
  59  4:58  Glial Reconstitution  
  59  4:59  Overlord  
  59  5:02  Roach x4  
  59  5:03  Overseer  
  67  5:11  Extractor  
  66  5:22  Hatchery  
  65  5:29  Roach  
  65  5:30  Roach x3  
  73  5:37  Zerg Melee Weapons Level 2  
  73  5:41  Zergling x10  
  78  5:48  Overlord, Roach x2  
  82  5:55  Overlord  
  82  5:58  Infestation Pit, Roach  
  81  6:08  Drone x7  
  75  6:30  Drone x5  
  79  6:33  Overlord  
  79  6:35  Pathogen Glands  
  79  6:37  Burrow  
  79  6:38  Zergling x2  
  79  6:39  Zergling x2  
  81  6:42  Drone  
  81  6:46  Queen  
  84  6:47  Overlord  
  84  6:48  Zergling x2  
  85  7:07  Drone, Overlord  
  86  7:09  Zergling x2  
  86  7:10  Zergling x2  
  86  7:12  Infestor x3  
  86  7:14  Zergling x8  
  98  7:22  Zergling x8  
  98  7:28  Zergling x2  
  95  7:32  Zergling x2  
  93  7:37  Drone x5  
  94  7:46  Drone x4  
  94  7:49  Drone  
  95  7:57  Drone x2  
  95  7:58  Drone, Overlord  
  98  8:03  Zergling x8  
  98  8:04  Zergling x4  
  104  8:18  Overseer x2  
  104  8:25  Extractor  
  104  8:26  Extractor  
  99  8:35  Lair  
  99  8:40  Spawning Pool  
  95  8:44  Hatchery  
  92  8:50  Drone  
  92  8:51  Drone x3  
  92  8:52  Drone x4  
  98  9:10  Drone x2  
  100  9:19  Infestor x4  
  100  9:22  Neural Parasite  
  108  9:25  Infestor x7  
  108  9:27  Overlord  
  108  9:28  Drone, Hatchery, Queen  
  110  9:32  Drone x2  
  110  9:39  Zergling x2  
  110  9:40  Zergling x2  
  110  9:43  Baneling Nest, Zerg Ground Armor Level 1  
  104  9:59  Drone x2  
  102  10:03  Drone x5  
  102  10:05  Overseer, Zergling x2  
  100  10:10  Drone  
  100  10:11  Drone  
  98  10:17  Drone  
  98  10:18  Pneumatized Carapace  
  98  10:20  Drone  
  99  10:25  Drone  
  100  10:31  Zergling x10  
  105  10:40  Queen  
  107  10:45  Overlord  
  107  10:48  Drone x6  
  113  10:55  Roach x2  
  117  10:58  Overlord, Spore Crawler  
  117  11:01  Spore Crawler  
  115  11:04  Spore Crawler  
  115  11:08  Spire  
  113  11:12  Drone  
  113  11:13  Drone x4  
  113  11:15  Spore Crawler  
  113  11:16  Spine Crawler  
  116  11:22  Zergling x8  
  116  11:25  Swarm Host x4  
  120  11:26  Swarm Host  
  120  11:29  Swarm Host x2  
  142  11:35  Swarm Host x3  
  142  11:39  Overlord  
  151  11:47  Overlord  
  151  11:49  Overlord  
  149  11:59  Swarm Host x6  
  140  12:29  Zergling x2  
  132  12:30  Zergling x18  
  125  12:40  Zergling x2  
  125  12:41  Zergling x18  
  125  12:42  Zergling x2  
  134  12:50  Zergling x2  
  129  12:52  Zergling x2  
  129  12:53  Zergling x4  
Show
View Real Time Build Order
Export as new Build Order

Rob Protoss 

Build Orders: 1 Gate Expand, Zealot Archon 

Get SALT Encoding   

  12  0:02  Probe (Chrono Boost)  
  13  0:13  Probe (Chrono Boost)  
  14  0:21  Pylon  
  14  0:23  Probe (Chrono Boost)  
  15  0:39  Probe (Chrono Boost)  
  15  0:41  Gateway  
  16  0:46  Assimilator  
  16  0:50  Probe (Chrono Boost)  
  17  1:00  Probe (Chrono Boost)  
  19  1:11  Probe (Chrono Boost)  
  19  1:22  Probe (Chrono Boost)  
  20  1:29  Nexus  
  20  1:32  Probe (Chrono Boost)  
  21  1:39  Cybernetics Core  
  22  1:48  Probe (Chrono Boost)  
  22  1:50  Assimilator  
  22  1:54  Pylon  
  22  1:59  Probe (Chrono Boost)  
  23  2:10  Warp Gate  
  23  2:12  Adept  
  23  2:13  Probe (Chrono Boost)  
  26  2:24  Probe (Chrono Boost)  
  26  2:36  Mothership Core (Chrono Boost)  
  28  2:42  Probe (Chrono Boost)  
  29  2:53  Probe (Chrono Boost)  
  29  2:54  Probe (Chrono Boost)  
  31  3:00  Gateway  
  31  3:03  Probe (Chrono Boost)  
  31  3:05  Probe (Chrono Boost)  
  33  3:06  Gateway  
  33  3:14  Probe (Chrono Boost)  
  33  3:16  Probe (Chrono Boost)  
  33  3:17  Twilight Council  
  35  3:22  Robotics Facility  
  35  3:25  Probe (Chrono Boost)  
  36  3:29  Probe (Chrono Boost)  
  37  3:36  Gateway  
  37  3:39  Adept  
  39  3:41  Probe (Chrono Boost)  
  39  3:42  Probe (Chrono Boost)  
  39  3:49  Gateway  
  39  3:54  Pylon  
  39  3:57  Adept  
  42  4:03  Probe (Chrono Boost)  
  42  4:14  Adept x2  
  42  4:15  Probe (Chrono Boost)  
  47  4:23  Probe (Chrono Boost)  
  48  4:27  Probe (Chrono Boost)  
  48  4:29  Pylon  
  51  4:33  Assimilator  
  51  4:35  Probe (Chrono Boost), Assimilator  
  51  4:37  Probe (Chrono Boost)  
  53  4:40  Warp Prism  
  53  4:50  Dark Shrine  
  52  4:54  Probe (Chrono Boost)  
  52  4:55  Probe (Chrono Boost)  
  52  4:57  Pylon  
  54  5:04  Pylon, Probe (Chrono Boost)  
  54  5:07  Stalker  
  58  5:08  Probe (Chrono Boost)  
  58  5:16  Probe (Chrono Boost)  
  59  5:23  Pylon x2  
  60  5:29  Probe (Chrono Boost)  
  60  5:36  Adept x4  
  60  5:37  Adept  
  70  5:43  Immortal  
  62  6:17  Immortal, Probe (Chrono Boost)  
  62  6:18  Dark Templar x3  
  60  6:19  Dark Templar, Probe (Chrono Boost)  
  68  6:28  Archon  
  68  6:31  Adept  
  62  6:35  Robotics Bay  
  62  6:51  Adept x5  
  62  6:52  Warp Prism  
  74  7:09  Nexus  
  74  7:12  Sentry  
  75  7:27  Disruptor  
  70  7:43  Adept x2  
  59  7:45  Nexus  
  59  7:46  Probe x2 (Chrono Boost)  
  55  7:58  Probe x2 (Chrono Boost)  
  55  8:00  Observer  
  55  8:03  Dark Templar  
  55  8:04  Dark Templar x4  
  66  8:14  Probe x2 (Chrono Boost)  
  66  8:16  Disruptor  
  67  8:20  Pylon  
  68  8:47  Disruptor  
  68  8:55  Adept x2  
  67  9:02  Dark Templar  
  65  9:11  Nexus  
  65  9:13  Pylon  
  65  9:19  Probe x2 (Chrono Boost)  
  67  9:24  Disruptor, Adept  
  67  9:25  Adept  
  67  9:26  Dark Templar  
  77  9:31  Probe (Chrono Boost)  
  77  9:37  Adept x2  
  81  9:43  Probe x2 (Chrono Boost)  
  83  9:50  Stalker  
  82  9:55  Probe (Chrono Boost)  
  83  10:01  Stalker x2  
  88  10:07  Probe (Chrono Boost)  
  88  10:09  Dark Templar  
  84  10:27  Templar Archives  
  84  10:28  Assimilator  
  84  10:33  Assimilator  
  84  10:38  Dark Templar  
  84  10:42  Probe (Chrono Boost)  
  87  10:46  Probe (Chrono Boost)  
  87  10:48  Probe (Chrono Boost)  
  89  10:54  Probe (Chrono Boost)  
  89  10:56  Dark Templar x2  
  93  11:02  Archon  
  93  11:06  Probe (Chrono Boost)  
  93  11:08  Probe (Chrono Boost)  
  93  11:09  Probe (Chrono Boost)  
  96  11:14  Dark Templar  
  96  11:15  Dark Templar  
  96  11:16  Archon  
  100  11:19  Archon  
  100  11:22  Probe x2 (Chrono Boost)  
  100  11:23  Adept  
  101  11:29  Zealot  
  98  11:39  High Templar  
  100  11:49  Probe (Chrono Boost)  
  100  11:50  Probe (Chrono Boost)  
  102  11:56  High Templar  
  102  11:57  High Templar x2  
  108  12:02  Pylon x2  
  108  12:05  Pylon  
  108  12:07  Pylon  
  108  12:08  Archon  
  96  12:22  Dark Templar x2  
  78  12:31  Probe (Chrono Boost)  
  78  12:32  Probe x2 (Chrono Boost)  
  75  12:37  Zealot, Dark Templar x2  
  56  12:54  Probe (Chrono Boost)  
  56  12:55  Probe (Chrono Boost)  
  56  12:56  Probe (Chrono Boost)  
  62  13:01  Stalker x2  
  62  13:02  Stalker  
Tags
 
Add a new tag
Caveats
  • Supply blocks, unpowered buildings, or Contaminate may cause inaccurate times.
  • Supply counts are checked every 10 seconds.